 Dungeon Crawl Stone Soup version 0.30-a0-170-g85af917532 (webtiles) character file.

Game seed: 4193381376077270028

4324 qw the Cleaver (level 10, -23/64 HPs)
             Began as a Gargoyle Fighter on Sept 30, 2022.
             Blown up by a lich (26 damage)
             ... with a wavering orb of destruction
             ... on level 2 of the Abyss.
             The game lasted 00:03:12 (7897 turns).

qw the Cleaver (Gargoyle Fighter)                   Turns: 7897, Time: 00:03:13

Health: -23/64     AC: 17    Str: 24    XL:     10   Next: 33%
Magic:  0/10       EV:  9    Int:  9    God:
Gold:   89         SH:  4    Dex:  9    Spells: 9/9 levels left

rFire   . . .      SeeInvis .    Y - +2 war axe
rCold   . . .      Faith    .    c - +0 buckler
rNeg    + . .      Spirit   +    l - +0 chain mail
rPois   inf        Reflect  .    n - +1 hat
rElec   +          Harm     .    (no cloak)
rCorr   .          Rampage  .    (no gloves)
Will    .....                    (no boots)
Stlth   ..........               e - amulet of guardian spirit
HPRegen 0.20/turn                (no ring)
MPRegen 0.12/turn                (no ring)

@: slowed, very slow
A: sickness immunity, AC +7, negative energy resistance 1, electricity
resistance, torment resistance 1, petrification resistance
a: no special abilities


You were on level 2 of the Abyss.
You visited 1 branch of the dungeon, and saw 7 of its levels.
You visited the Abyss 1 time.

You collected 285 gold pieces.
You spent 196 gold pieces at shops.


Innate Abilities, Weirdness & Mutations

You are immune to sickness and miasma.
Your stone body is resilient. (AC +7)
You are immune to poison.
You resist negative energy. (rN+)
You are resistant to electric shocks. (rElec)
You are resistant to unholy torment.
You are immune to petrification.


   Skills:
 - Level 8.0 Fighting
 + Level 10.2 Axes
 - Level 2.0 Throwing
 - Level 4.0 Armour
 - Level 4.5 Dodging
 - Level 5.0 Shields


You had 9 spell levels left.
You didn't know any spells.
Your spell library was empty.

Inventory:

Hand Weapons
 j - a +2 hand axe of flaming
 Y - a +2 war axe (weapon)
Missiles
 o - 3 silver boomerangs (quivered)
Armour
 c - a +0 buckler (worn)
 h - a +0 helmet
 k - a +0 cloak
 l - a +0 chain mail (worn)
 n - a +1 hat (worn)
 q - a +0 pair of gloves
 r - a +0 plate armour
Jewellery
 e - an amulet of guardian spirit (around neck)
 f - a ring of fire
Scrolls
 a - 2 scrolls of identify
Potions
 d - 4 potions of might
 g - 2 potions of haste
 i - a potion of resistance
 m - 2 potions of attraction
 p - a potion of magic
 s - a potion of invisibility {unknown}

Dungeon Overview and Level Annotations

Branches:
Dungeon (9/15)
 Temple: D:4-7         Lair: D:8-11         Orc: D:9-12

Altars:
Elyvilon
Kikubaaqudgha
Sif Muna
Trog
Vehumet
Xom
The Shining One

Shops:
D:2 *   D:4 ?   D:6 *

Annotations:
D:3 1 runed translucent door, qw's ghost, amateur GrFi
D:5 1 runed translucent door, Crazy Yiuf
D:9 Erolcha


Message History

You block the neqoxec's attack.
Something touches you but does no damage.
You hit the neqoxec.
The neqoxec is moderately wounded.
You closely miss something.
Something touches you but does no damage.
The neqoxec hits you!
Something touches you but does no damage.
The neqoxec hits you but does no damage.
The white imp gestures at you.
The puff of frost hits something.
You slash the neqoxec!
The neqoxec is almost dead.
You hit something.
Something touches you but does no damage. x2
The neqoxec gestures at you.
Something tries to feed on your intellect!
Something touches you.
You hit the neqoxec but do no damage.
The neqoxec is almost dead.
You slash something!
Something touches you but does no damage.
The neqoxec hits you!
Something touches you but does no damage.
The neqoxec gestures at you.
Something tries to feed on your intellect!
You hit the neqoxec.
You kill the neqoxec!
You completely miss something.
You hear some strange, mumbled words.
You feel as though you will be slow longer.
Something touches you!
You hit the white imp.
The white imp is heavily wounded.
You closely miss something. Something completely misses you.
The white imp hits you but does no damage.
Something conjures a glowing orb.
The wavering orb of destruction weakly hits you!!
You die...

## . . ##¤
####.. . #.
¤. #..#
###..###.#. .
..#
....#.....#..
#..... .. #
#.#.5{# # .
.#.@# .##.
.#.#..# .# .
#....#...#. #
# #.#.#..##
.#
..#..##.#.. #
# #
#....#....#.
# #
##.#..#..#...
# # ..# .
##..#. . ##.
.. .. .


You could see a white imp.

Vanquished Creatures
  Pikel (D:4)
  2 smoke demons (Abyss:2)
  Prince Ribbit (D:6)
  Grinder (D:4)
  Sigmund (D:6)
  A wyvern (D:6)
  A chaos spawn (Abyss:2)
  A neqoxec (Abyss:2)
  An ice beast (D:6)
  2 black bears
  2 ogres (D:6)
  A phantom (D:5)
  A lemure (D:4)
  5 scorpions
  Blork the orc (D:6)
  A gnoll sergeant (D:5)
  3 necrophages
  6 killer bees (D:6)
  3 howler monkeys
  2 jellies (D:5)
  2 hounds (D:5)
  2 quasits (Abyss:2)
  An orc priest (D:6)
  Ijyb (D:5)
  Jessica (D:2)
  Natasha (twice) (D:3)
  2 iguanas
  3 orc wizards
  9 gnolls
  10 adders
  3 river rats (D:6)
  7 worms
  2 dart slugs (D:4)
  21 orcs
  10 endoplasms
  8 giant cockroaches
  13 goblins
  9 hobgoblins
  15 jackals
  5 quokkas
  11 ball pythons
  4 frilled lizards
  8 kobolds
  10 rats
196 creatures vanquished.

Vanquished Creatures (others)
  A gnoll (D:5)
1 creature vanquished.

Grand Total: 197 creatures vanquished

Notes
Turn   | Place    | Note
-------+----------+-------------------------------------------
     0 | D:1      | qw the Gargoyle Fighter began the quest for the Orb.
     0 | D:1      | Reached XP level 1. HP: 14/14 MP: 1/1
     0 | D:1      | 0 ||| qw: Version: 0.2-a-12-gaebbb33
     0 | D:1      | 0 ||| qw: Game counter: 1517
     0 | D:1      | 0 ||| qw: Always use a shield: true
     0 | D:1      | 0 ||| qw: God list: Okawaru
     0 | D:1      | 0 ||| qw: Allow faded altars: false
     0 | D:1      | 0 ||| qw: Do Orc after D:15 true
     0 | D:1      | 0 ||| qw: Do second Lair branch before Depths: true
     0 | D:1      | 0 ||| qw: Lair rune preference: random
     0 | D:1      | 0 ||| qw: Plans: Normal, Zot:1-4, God:TSO, Crypt, Tomb,
                  | Pan, Slime:5, Hells, Abyss, Orb
     0 | D:1      | 0 ||| PLANNING D:1-11
    15 | D:1      | 15 ||| Stepping ~*~*~tactically~*~*~ (stealth).
    23 | D:1      | 23 ||| Stepping ~*~*~tactically~*~*~ (stealth).
    26 | D:1      | Reached skill level 2 in Axes
   117 | D:1      | Reached XP level 2. HP: 17/19 MP: 2/2
   181 | D:1      | 181 ||| Stepping ~*~*~tactically~*~*~ (stealth).
   206 | D:1      | Found a glowing golden altar of the Shining One.
   290 | D:1      | Reached skill level 3 in Axes
   376 | D:1      | 376 ||| Stepping ~*~*~tactically~*~*~ (stealth).
   382 | D:1      | Reached XP level 3. HP: 23/23 MP: 3/3
   399 | D:1      | 399 ||| Stepping ~*~*~tactically~*~*~ (stealth).
   402 | D:1      | 402 ||| Stepping ~*~*~tactically~*~*~ (stealth).
   467 | D:1      | 467 ||| DROPPING +0 club.
   568 | D:1      | 568 ||| Stepping ~*~*~tactically~*~*~ (stealth).
   853 | D:1      | Reached XP level 4. HP: 28/28 MP: 4/4
   922 | D:1      | Found a faded altar of an unknown god.
  1103 | D:1      | 1103 ||| READING 3 scrolls labelled YNI YSUOMAIMI.
  1104 | D:1      | 1104 ||| READING scroll labelled GOACRI EPURPH.
  1107 | D:1      | 1107 ||| READING scroll labelled XYK NEGGUAMO.
  1108 | D:1      | 1108 ||| READING 2 scrolls of identify.
  1108 | D:1      | 1108 ||| IDENTIFYING glowing cyan potion
  1133 | D:2      | 1133 ||| Stepping ~*~*~tactically~*~*~ (stealth).
  1230 | D:2      | Reached skill level 4 in Axes
  1340 | D:2      | Found Nosy's Assorted Antiques.
  1347 | D:2      | 1347 ||| SHOPLISTING glowing hat (119 gold, have 66).
  1347 | D:2      | 1347 ||| BUYING scroll labelled EPPOAX QULIOLE (17 gold).
  1347 | D:2      | Bought a scroll labelled EPPOAX QULIOLE for 17 gold pieces
  1347 | D:2      | 1347 ||| BUYING scroll labelled YRAIMM TATH (17 gold).
  1347 | D:2      | Bought a scroll labelled YRAIMM TATH for 17 gold pieces
  1347 | D:2      | 1347 ||| SHOPLISTING scroll of identify (34 gold, have 32).
  1347 | D:2      | 1347 ||| SHOPLISTING scroll of teleportation (51 gold, have
                  | 32).
  1758 | D:2      | Noticed Jessica
  1773 | D:2      | Killed Jessica
  1774 | D:2      | Reached XP level 5. HP: 18/32 MP: 5/5
  2194 | D:2      | 2194 ||| READING scroll labelled DESCHAE JOIL.
  2195 | D:2      | 2195 ||| READING scroll labelled EPPOAX QULIOLE.
  2196 | D:2      | 2196 ||| READING scroll labelled YRAIMM TATH.
  2197 | D:2      | 2197 ||| DRINKING 3 smoky puce potions.
  2198 | D:2      | 2198 ||| DRINKING 3 fizzy blue potions.
  2199 | D:2      | 2199 ||| DROPPING 2 potions of degeneration.
  2551 | D:3      | 2551 ||| Stepping ~*~*~tactically~*~*~ (stealth).
  2555 | D:3      | Noticed Natasha
  2556 | D:3      | 2556 ||| Stepping ~*~*~tactically~*~*~ (stealth).
  2567 | D:3      | 2567 ||| Stepping ~*~*~tactically~*~*~ (stealth).
  2581 | D:3      | 2581 ||| FLEEEEING.
  2582 | D:3      | 2582 ||| FLEEEEING.
  2583 | D:3      | 2583 ||| FLEEEEING.
  2585 | D:3      | 2585 ||| FLEEEEING.
  2586 | D:3      | 2586 ||| FLEEEEING.
  2587 | D:3      | 2587 ||| FLEEEEING.
  2588 | D:3      | 2588 ||| STAIRDANCE
  2634 | D:2      | 2634 ||| UPGRADING to amulet of guardian spirit.
  2652 | D:3      | 2652 ||| Stepping ~*~*~tactically~*~*~ (stealth).
  2667 | D:3      | 2667 ||| DROPPING +0 whip.
  2683 | D:3      | 2683 ||| Stepping ~*~*~tactically~*~*~ (stealth).
  2686 | D:3      | Reached skill level 5 in Axes
  2701 | D:3      | Killed Natasha
  2896 | D:3      | Found a bloodstained altar of Trog.
  3105 | D:3      | 3105 ||| DRINKING 3 potions of curing.
  3105 | D:3      | 3105 ||| (to cure confusion)
  3109 | D:3      | Reached XP level 6. HP: 38/38 MP: 6/6
  3142 | D:3      | Found a runed translucent door.
  3145 | D:3      | Noticed qw's ghost (amateur GrFi)
  3174 | D:3      | Found a white marble altar of Elyvilon.
  3175 | D:3      | Found a shimmering altar of Xom.
  3177 | D:3      | Found a radiant altar of Vehumet.
  3178 | D:3      | Found an ancient bone altar of Kikubaaqudgha.
  3179 | D:3      | Found a shimmering blue altar of Sif Muna.
  3290 | D:3      | Noticed Natasha
  3291 | D:3      | 3291 ||| Stepping ~*~*~tactically~*~*~ (stealth).
  3293 | D:3      | 3293 ||| Stepping ~*~*~tactically~*~*~ (hiding).
  3300 | D:3      | Killed Natasha
  3444 | D:3      | 3444 ||| DRINKING 2 orange potions.
  3445 | D:3      | 3445 ||| READING 2 scrolls of identify.
  3445 | D:3      | 3445 ||| IDENTIFYING silvery potion
  3446 | D:3      | 3446 ||| DROPPING potion of flight.
  3447 | D:3      | 3447 ||| DROPPING potion of ambrosia.
  3464 | D:4      | Found Plog's Magic Scroll Emporium.
  3476 | D:4      | 3476 ||| SHOPLISTING scroll of enchant weapon (105 gold,
                  | have 87).
  3476 | D:4      | 3476 ||| BUYING scroll of identify (28 gold).
  3476 | D:4      | Bought a scroll of identify for 28 gold pieces
  3476 | D:4      | 3476 ||| BUYING scroll of identify (28 gold).
  3476 | D:4      | Bought a scroll of identify for 28 gold pieces
  3476 | D:4      | 3476 ||| BUYING scroll of identify (28 gold).
  3476 | D:4      | Bought a scroll of identify for 28 gold pieces
  3476 | D:4      | 3476 ||| SHOPLISTING scroll of identify (28 gold, have 3).
  3497 | D:4      | Noticed Pikel
  3516 | D:4      | HP: 8/38 [lemure[Pikel] (6)]
  3520 | D:4      | Killed Pikel
  3521 | D:4      | Reached XP level 7. HP: 8/43 MP: 2/7
  3909 | D:4      | Reached XP level 8. HP: 48/48 MP: 8/8
  3977 | D:4      | Reached skill level 6 in Axes
  4062 | D:4      | 4062 ||| Stepping ~*~*~tactically~*~*~ (hiding).
  4222 | D:4      | 4222 ||| Stepping ~*~*~tactically~*~*~ (hiding).
  4383 | D:4      | Noticed Grinder
  4384 | D:4      | 4384 ||| Stepping ~*~*~tactically~*~*~ (hiding).
  4422 | D:4      | Killed Grinder
  4706 | D:4      | 4706 ||| UPGRADING to +0 chain mail.
  4716 | D:4      | 4716 ||| DROPPING +0 scale mail.
  4717 | D:4      | 4717 ||| READING scroll labelled CURRIV JAOXAN.
  4718 | D:4      | 4718 ||| READING scroll labelled UWYSAF RATIU.
  4719 | D:4      | 4719 ||| READING 4 scrolls of identify.
  4719 | D:4      | 4719 ||| IDENTIFYING fizzy grey potion
  4720 | D:4      | 4720 ||| READING 3 scrolls of identify.
  4720 | D:4      | 4720 ||| IDENTIFYING bubbling golden potion
  4721 | D:4      | 4721 ||| DROPPING potion of brilliance.
  4749 | D:5      | Entered Level 5 of the Dungeon
  4782 | D:5      | Reached skill level 1 in Throwing
  4803 | D:5      | Reached skill level 7 in Axes
  4991 | D:5      | Noticed Ijyb
  5004 | D:5      | Killed Ijyb
  5011 | D:5      | HP: 12/49 [acid (3)]
  5012 | D:5      | 5012 ||| READING scroll of teleportation.
  5012 | D:5      | HP: 5/49 [hound (1)]
  5204 | D:5      | 5204 ||| Stepping ~*~*~tactically~*~*~ (stealth).
  5205 | D:5      | 5205 ||| Stepping ~*~*~tactically~*~*~ (stealth).
  5206 | D:5      | 5206 ||| Stepping ~*~*~tactically~*~*~ (stealth).
  5208 | D:5      | 5208 ||| Stepping ~*~*~tactically~*~*~ (stealth).
  5210 | D:5      | 5210 ||| Stepping ~*~*~tactically~*~*~ (stealth).
  5396 | D:5      | 5396 ||| Stepping ~*~*~tactically~*~*~ (stealth).
  5397 | D:5      | 5397 ||| Stepping ~*~*~tactically~*~*~ (stealth).
  5405 | D:5      | Reached skill level 8 in Axes
  5581 | D:5      | Reached XP level 9. HP: 40/54 MP: 6/9
  5979 | D:5      | Found a runed translucent door.
  5980 | D:5      | Noticed Crazy Yiuf
  6100 | D:5      | 6100 ||| Stepping ~*~*~tactically~*~*~ (stealth).
  6108 | D:5      | Reached skill level 6 in Fighting
  6485 | D:5      | 6485 ||| UPGRADING to +1 hat.
  6490 | D:5      | 6490 ||| READING 2 scrolls labelled NICZAO WUIBIGGU.
  6491 | D:5      | 6491 ||| READING scroll labelled ETANUISKIE.
  6492 | D:5      | 6492 ||| READING scroll labelled QUBIVA HAIFEUST.
  6493 | D:5      | 6493 ||| DRINKING 2 metallic yellow potions.
  6494 | D:5      | 6494 ||| READING 2 scrolls of identify.
  6494 | D:5      | 6494 ||| IDENTIFYING green potion
  6495 | D:5      | 6495 ||| DROPPING scroll of poison.
  6517 | D:6      | 6517 ||| PLANNING SEWER
  6527 | D:6      | Noticed Sigmund
  6528 | D:6      | Found Jadat's Assorted Antiques.
  6529 | D:6      | 6529 ||| Stepping ~*~*~tactically~*~*~ (hiding).
  6530 | D:6      | 6530 ||| Stepping ~*~*~tactically~*~*~ (hiding).
  6531 | D:6      | 6531 ||| Stepping ~*~*~tactically~*~*~ (hiding).
  6547 | D:6      | Killed Sigmund
  6587 | D:6      | 6587 ||| BUYING potion of curing (78 gold).
  6587 | D:6      | Bought a potion of curing for 78 gold pieces
  6587 | D:6      | 6587 ||| SHOPLISTING potion of haste (260 gold, have 61).
  6587 | D:6      | 6587 ||| SHOPLISTING runed plate armour (676 gold, have
                  | 61).
  6587 | D:6      | 6587 ||| SHOPLISTING runed scarf (208 gold, have 61).
  6598 | D:6      | Noticed Prince Ribbit
  6605 | D:6      | Killed Prince Ribbit
  6684 | D:6      | Reached skill level 9 in Axes
  6697 | D:6      | 6697 ||| Stepping ~*~*~tactically~*~*~ (stealth).
  6766 | D:6      | 6766 ||| Stepping ~*~*~tactically~*~*~ (hiding).
  6767 | D:6      | 6767 ||| Stepping ~*~*~tactically~*~*~ (stealth).
  6792 | D:6      | 6792 ||| Stepping ~*~*~tactically~*~*~ (stealth).
  6796 | D:6      | 6796 ||| Stepping ~*~*~tactically~*~*~ (stealth).
  6797 | D:6      | 6797 ||| Stepping ~*~*~tactically~*~*~ (stealth).
  6818 | D:6      | 6818 ||| Stepping ~*~*~tactically~*~*~ (stealth).
  6819 | D:6      | 6819 ||| Stepping ~*~*~tactically~*~*~ (stealth).
  6822 | D:6      | 6822 ||| DRINKING 4 potions of curing.
  6822 | D:6      | 6822 ||| (to cure confusion)
  6830 | D:6      | 6830 ||| Stepping ~*~*~tactically~*~*~ (hiding).
  6832 | D:6      | 6832 ||| Stepping ~*~*~tactically~*~*~ (hiding).
  6843 | D:6      | 6843 ||| DRINKING 3 potions of curing.
  6843 | D:6      | 6843 ||| (to cure confusion)
  6844 | D:6      | 6844 ||| DRINKING 2 potions of curing.
  6844 | D:6      | 6844 ||| (to cure confusion)
  6847 | D:6      | 6847 ||| DRINKING potion of curing.
  6847 | D:6      | 6847 ||| (to cure confusion)
  7019 | D:6      | 7019 ||| DROPPING +0 flail.
  7047 | D:6      | 7047 ||| READING scroll of enchant weapon.
  7047 | D:6      | 7047 ||| ENCHANTING +1 war axe.
  7061 | D:6      | 7061 ||| Stepping ~*~*~tactically~*~*~ (stealth).
  7062 | D:6      | 7062 ||| Stepping ~*~*~tactically~*~*~ (stealth).
  7072 | D:6      | 7072 ||| Stepping ~*~*~tactically~*~*~ (stealth).
  7138 | D:6      | 7138 ||| RIP SEWER
  7139 | D:6      | 7139 ||| PLANNING D:1-11
  7479 | D:6      | Reached XP level 10. HP: 51/63 MP: 7/10
  7559 | D:6      | Noticed Blork the orc
  7565 | D:6      | Killed Blork the orc
  7566 | D:6      | Reached skill level 10 in Axes
  7617 | D:6      | You fall into a shaft and drop 3 floors!
  7666 | D:9      | Noticed Erolcha
  7670 | Abyss:2  | Cast into level 2 of the Abyss (Erolcha)
  7769 | Abyss:2  | Noticed a smoke demon
  7770 | Abyss:2  | 7770 ||| Stepping ~*~*~tactically~*~*~ (stealth).
  7777 | Abyss:2  | 7777 ||| Stepping ~*~*~tactically~*~*~ (hiding).
  7778 | Abyss:2  | 7778 ||| Stepping ~*~*~tactically~*~*~ (hiding).
  7783 | Abyss:2  | 7783 ||| READING 3 scrolls of identify.
  7783 | Abyss:2  | 7783 ||| IDENTIFYING fizzy red potion
  7791 | Abyss:2  | Killed a smoke demon
  7805 | Abyss:2  | Noticed a smoke demon
  7806 | Abyss:2  | 7806 ||| Stepping ~*~*~tactically~*~*~ (stealth).
  7808 | Abyss:2  | 7808 ||| Stepping ~*~*~tactically~*~*~ (stealth).
  7814 | Abyss:2  | HP: 16/64 [burnt (4)]
  7815 | Abyss:2  | 7815 ||| DRINKING potion of heal wounds.
  7818 | Abyss:2  | Killed a smoke demon
  7819 | Abyss:2  | 7819 ||| Stepping ~*~*~tactically~*~*~ (cloud).
  7821 | Abyss:2  | 7821 ||| Stepping ~*~*~tactically~*~*~ (cloud).
  7842 | Abyss:2  | Noticed a lich
  7843 | Abyss:2  | 7843 ||| Stepping ~*~*~tactically~*~*~ (stealth).
  7856 | Abyss:2  | 7856 ||| Stepping ~*~*~tactically~*~*~ (stealth).
  7895 | Abyss:2  | HP: 10/64 [neqoxec (8)]
  7896 | Abyss:2  | HP: 2/64 [something (8)]
  7897 | Abyss:2  | Blown up by a lich

Levels and vault maps discovered:
D:1:      dpeg_arrival_arbitrary_c, layout_loops_ring,
          ebering_ecumenical_altar_mist, st_stairs_8, minmay_hexomino_r4
D:2:      minmay_alternating_diamond, layout_basic, serial_shops,
          nicolae_shop_stone, uniq_jessica
D:3:      layout_loops_cross, trog_butcher_becter, minitemple,
          ebering_ghost_inner_flame, minmay_quadrilaterals, uniq_natasha
D:4:      layout_loops_cross, serial_shops, shop, uniq_pikel, uniq_grinder
D:5:      black_bear_nest_1, layout_layer_cave, grunt_ministairs_2,
          hangedman_decor_clover_reticule, uniq_crazy_yiuf_cottage, uniq_ijyb
D:6:      layout_basic, lightli_sewer_entry_pipes, serial_shops, shop,
          uniq_blork_the_orc, uniq_prince_ribbit1, uniq_sigmund
D:9:      layout_roguey, david_orc_2, uniq_maggie, uniq_erolcha
Abyss:2:  base: D:5, minivault_22

Skill      XL: |  1  2  3  4  5  6  7  8  9 10 |
---------------+-------------------------------+-----
Axes           | 2 3 4 5 8 9 10 | 10.2
Fighting       | 4 5 7 8 |  8.0
Dodging        | 4 |  4.5
Throwing       | 1 2 |  2.0
Shields        | 4 5 |  5.0
Armour         | 4 |  4.0

Action                   |  1- 3 |  4- 6 |  7- 9 | 10-12 || total
-------------------------+-------+-------+-------+-------++-------
Melee: War axe           |    80 |   210 |   318 |    50 ||   658
Throw: Boomerang         |       |       |    74 |       ||    74
  Use: Scroll            |       |     8 |    10 |     1 ||    19
       Potion            |       |     4 |     5 |     1 ||    10
 Stab: Invisible         |       |       |       |     1 ||     1
Armor: Scale mail        |    39 |    96 |    30 |       ||   165
       Chain mail        |       |       |   151 |    53 ||   204
Dodge: Dodged            |    33 |   110 |   135 |    22 ||   300
Block: Buckler           |     9 |    37 |    61 |     8 ||   115

Table legend:
 A = Non-vault XP
 B = Vault XP
 C = Vault XP percentage of total XP
 D = Non-vault monster count
 E = Vault monster count
 F = Vault count percentage of total count
                 A         B        C        D         E       F
            +---------+---------+-------+---------+---------+-------
      Total |    4146 |    2032 |  32.9 |     159 |      37 |  18.9
            +---------+---------+-------+---------+---------+-------
        D:1 |      64 |      21 |  24.7 |      38 |       5 |  11.6
        D:2 |      44 |      54 |  55.1 |      18 |       5 |  21.7
        D:3 |     132 |      52 |  28.3 |      24 |      10 |  29.4
        D:4 |     323 |     913 |  73.9 |      18 |       2 |  10.0
        D:5 |     648 |     312 |  32.5 |      19 |       4 |  17.4
        D:6 |    1647 |     680 |  29.2 |      36 |      11 |  23.4
    Abyss:2 |    1288 |       0 |   0.0 |       6 |       0 |   0.0
            +---------+---------+-------+---------+---------+-------
